[ AOE2 MATCH · #505423647 ]
UnrankedTurks vs Teutons
Player's team · WIN
Rival team · LOSS
[ REPLAY ANALYSIS · EXTRACTED FROM THE RECORDED GAME ]
Feudal
9:09
Castle
24:14
Imperial
—
| APM avg | 63.4 |
| APM peak | 119 |
| eAPM avg | 29.3 |
| Villagers / military | 53 / 21 |
Focus
⚔️ 41.0% · 🌾 59.0%
Archer ×19 · Scout Cavalry ×2
Feudal
8:50
Castle
—
Imperial
—
| APM avg | 51.9 |
| APM peak | 142 |
| eAPM avg | 17.5 |
| Villagers / military | 60 / 0 |
Focus
⚔️ 26.7% · 🌾 73.3%
Match map
Initial resources + every placement click. Lines = walls · curves = elevation contours. ◆ gold · ⬟ stone · ● berries · ✦ relic · ◌ wall gap
Your base· Open — 4t gap
Riut's base· Open — 7t gap
Smoothed initial terrain · ◌ = detected wall gap · hover for details
Inputs per minute
— Hackali - - Riut
Build order — Hackali
136 actions detected in the replay
| 0:01 | Build | House |
| 0:02 | Build | House |
| 0:04 | Create | Villager (Male) |
| 0:05 | Create | Villager (Male) |
| 0:05 | Create | Villager (Male) |
| 0:05 | Create | Villager (Male) |
| 1:47 | Create | Villager (Male) |
| 1:47 | Create | Villager (Male) |
| 2:08 | Create | Villager (Male) |
| 2:21 | Build | Lumber Camp |
| 2:29 | Create | Villager (Male) |
| 2:49 | Create | Villager (Male) |
| 3:15 | Create | Villager (Male) |
| 3:35 | Create | Villager (Male) |
| 4:24 | Build | House |
| 4:29 | Create | Villager (Male) |
| 4:47 | Build | House |
| 4:54 | Create | Villager (Male) |
| 5:44 | Create | Villager (Male) |
| 5:45 | Create | Villager (Male) |
| 5:48 | Build | Mill |
| 5:58 | Research | Loom |
| 6:54 | Research | Feudal Age |
| 7:19 | Create | Villager (Male) |
| 7:23 | Create | Villager (Male) |
| 7:53 | Build | Barracks |
| 7:54 | Build | Palisade Wall |
| 9:04 | Create | Villager (Male) |
| 9:09 | Age | Feudal Age |
| 9:12 | Build | Palisade Wall |
| 9:17 | Create | Villager (Male) |
| 9:20 | Build | Archery Range |
| 9:29 | Build | Mining Camp |
| 9:32 | Create | Villager (Male) |
| 9:46 | Create | Villager (Male) |
| 9:49 | Create | Villager (Male) |
| 10:05 | Build | Watch Tower |
| 10:07 | Create | Archer |
| 10:08 | Create | Archer |
| 10:20 | Create | Villager (Male) |
| 10:22 | Create | Villager (Male) |
| 10:50 | Create | Villager (Male) |
| 10:50 | Create | Villager (Male) |
| 11:18 | Create | Archer |
| 11:20 | Create | Villager (Male) |
| 11:26 | Build | House |
| 11:32 | Research | Double-Bit Axe |
| 11:35 | Create | Archer |
| 11:37 | Build | House |
| 11:39 | Build | Blacksmith |
| 11:46 | Create | Villager (Male) |
| 12:17 | Create | Archer |
| 12:36 | Create | Villager (Male) |
| 12:40 | Create | Villager (Male) |
| 12:59 | Build | Mining Camp |
| 13:12 | Research | Fletching |
| 13:12 | Research | Fletching |
| 13:13 | Create | Villager (Male) |
| 13:14 | Create | Archer |
| 13:14 | Create | Archer |
| 13:38 | Create | Archer |
| 14:07 | Create | Villager (Male) |
| 14:08 | Create | Villager (Male) |
| 14:25 | Build | Farm |
| 14:26 | Build | Farm |
| 14:28 | Build | Farm |
| 14:38 | Create | Archer |
| 15:04 | Create | Villager (Male) |
| 15:07 | Build | House |
| 15:16 | Create | Archer |
| 15:22 | Create | Villager (Male) |
| 15:24 | Build | House |
| 15:47 | Create | Villager (Male) |
| 15:53 | Create | Villager (Male) |
| 15:53 | Create | Villager (Male) |
| 15:58 | Create | Villager (Male) |
| 15:58 | Create | Villager (Male) |
| 16:02 | Build | Farm |
| 16:10 | Create | Archer |
| 16:24 | Create | Villager (Male) |
| 16:26 | Build | Market |
| 16:48 | Create | Villager (Male) |
| 16:50 | Build | Farm |
| 17:12 | Create | Villager (Male) |
| 17:32 | Create | Archer |
| 17:36 | Build | Farm |
| 17:37 | Create | Villager (Male) |
| 17:41 | Create | Archer |
| 17:41 | Create | Archer |
| 17:48 | Build | Farm |
| 17:50 | Build | Farm |
| 18:08 | Create | Villager (Male) |
| 18:15 | Build | Farm |
| 18:15 | Create | Villager (Male) |
| 18:19 | Build | Farm |
| 18:24 | Build | Farm |
| 18:25 | Create | Archer |
| 18:25 | Create | Archer |
| 18:39 | Build | Farm |
| 18:50 | Build | House |
| 18:56 | Build | House |
| 18:56 | Build | House |
| 19:18 | Build | House |
| 19:53 | Create | Archer |
| 20:17 | Create | Villager (Male) |
| 20:32 | Create | Villager (Male) |
| 20:34 | Build | Farm |
| 20:55 | Build | Farm |
| 20:57 | Build | Farm |
| 20:58 | Build | Farm |
| 21:03 | Build | Farm |
| 21:03 | Build | Farm |
| 21:24 | Create | Archer |
| 21:34 | Research | Castle Age |
| 21:34 | Research | Castle Age |
| 21:49 | Create | Archer |
| 21:56 | Research | Horse Collar |
| 21:57 | Research | Horse Collar |
| 22:11 | Research | Padded Archer Armor |
| 22:11 | Research | Padded Archer Armor |
| 22:15 | Create | Villager (Male) |
| 22:27 | Create | Villager (Male) |
| 22:29 | Build | Stable |
| 22:44 | Create | Villager (Male) |
| 22:45 | Create | Villager (Male) |
| 22:56 | Research | Scale Barding Armor |
| 22:56 | Research | Scale Barding Armor |
| 23:44 | Research | Bloodlines |
| 23:44 | Research | Bloodlines |
| 23:45 | Build | Stable |
| 23:56 | Build | Farm |
| 23:57 | Create | Villager (Male) |
| 23:58 | Build | Farm |
| 24:14 | Age | Castle Age |
| 24:19 | Create | Scout Cavalry |
| 24:19 | Create | Scout Cavalry |
Build order — Riut
113 actions detected in the replay
| 0:00 | Create | Villager (Male) |
| 0:00 | Create | Villager (Male) |
| 0:00 | Create | Villager (Male) |
| 0:01 | Create | Villager (Male) |
| 0:01 | Create | Villager (Male) |
| 0:02 | Build | House |
| 0:04 | Build | House |
| 0:07 | Build | House |
| 1:33 | Create | Villager (Male) |
| 1:33 | Create | Villager (Male) |
| 1:33 | Create | Villager (Male) |
| 1:46 | Build | Lumber Camp |
| 1:52 | Create | Villager (Male) |
| 1:52 | Create | Villager (Male) |
| 2:10 | Build | House |
| 2:23 | Create | Villager (Male) |
| 2:35 | Create | Villager (Male) |
| 2:35 | Create | Villager (Male) |
| 2:36 | Create | Villager (Male) |
| 2:53 | Create | Villager (Male) |
| 2:54 | Create | Villager (Male) |
| 3:37 | Create | Villager (Male) |
| 3:37 | Create | Villager (Male) |
| 3:37 | Create | Villager (Male) |
| 3:37 | Create | Villager (Male) |
| 4:22 | Create | Villager (Male) |
| 4:22 | Create | Villager (Male) |
| 4:22 | Create | Villager (Male) |
| 4:27 | Create | Villager (Male) |
| 4:27 | Create | Villager (Male) |
| 4:27 | Create | Villager (Male) |
| 4:30 | Research | Loom |
| 5:44 | Build | Mining Camp |
| 6:10 | Build | House |
| 6:30 | Research | Feudal Age |
| 7:11 | Build | Palisade Wall |
| 7:13 | Build | Palisade Wall |
| 7:53 | Create | Villager (Male) |
| 8:14 | Create | Villager (Male) |
| 8:50 | Age | Feudal Age |
| 8:58 | Build | Watch Tower |
| 9:01 | Create | Villager (Male) |
| 9:30 | Build | Watch Tower |
| 9:40 | Create | Villager (Male) |
| 10:20 | Create | Villager (Male) |
| 10:20 | Create | Villager (Male) |
| 10:24 | Build | House |
| 10:28 | Create | Villager (Male) |
| 11:11 | Create | Villager (Male) |
| 11:29 | Build | Watch Tower |
| 11:37 | Create | Villager (Male) |
| 11:56 | Research | Double-Bit Axe |
| 12:00 | Build | House |
| 12:04 | Research | Town Watch |
| 12:46 | Create | Villager (Male) |
| 12:46 | Create | Villager (Male) |
| 13:08 | Build | Watch Tower |
| 13:12 | Create | Villager (Male) |
| 13:33 | Create | Villager (Male) |
| 13:42 | Build | Mill |
| 14:06 | Build | House |
| 14:11 | Create | Villager (Male) |
| 14:50 | Build | Blacksmith |
| 14:51 | Create | Villager (Male) |
| 15:08 | Create | Villager (Male) |
| 15:09 | Build | Farm |
| 15:11 | Build | Farm |
| 15:37 | Build | Farm |
| 15:42 | Research | Fletching |
| 16:01 | Build | Farm |
| 16:04 | Build | Farm |
| 16:04 | Build | Farm |
| 16:04 | Build | Farm |
| 16:04 | Build | Farm |
| 16:05 | Build | Farm |
| 16:07 | Create | Villager (Male) |
| 16:07 | Create | Villager (Male) |
| 16:24 | Build | Watch Tower |
| 16:37 | Build | House |
| 16:38 | Build | House |
| 16:40 | Create | Villager (Male) |
| 17:10 | Build | Watch Tower |
| 17:15 | Create | Villager (Male) |
| 17:15 | Create | Villager (Male) |
| 17:17 | Build | Farm |
| 17:56 | Build | Market |
| 17:57 | Create | Villager (Male) |
| 18:00 | Build | Farm |
| 18:01 | Build | Farm |
| 18:22 | Create | Villager (Male) |
| 18:41 | Create | Villager (Male) |
| 19:02 | Create | Villager (Male) |
| 19:03 | Create | Villager (Male) |
| 19:05 | Build | Farm |
| 19:09 | Build | Farm |
| 19:21 | Create | Villager (Male) |
| 19:43 | Build | Watch Tower |
| 19:59 | Create | Villager (Male) |
| 20:51 | Create | Villager (Male) |
| 21:05 | Build | Mining Camp |
| 21:06 | Create | Villager (Male) |
| 21:09 | Build | Farm |
| 21:32 | Create | Villager (Male) |
| 22:15 | Build | Barracks |
| 22:18 | Create | Villager (Male) |
| 22:35 | Build | Watch Tower |
| 22:42 | Create | Villager (Male) |
| 22:43 | Create | Villager (Male) |
| 22:49 | Research | Wheelbarrow |
| 22:51 | Build | House |
| 22:52 | Build | House |
| 23:35 | Build | House |
| 24:08 | Build | House |
Match timeline
| 7:11 | Riut · wall_segment Palisade Wall x1 |
| 7:13 | Riut · wall_segment Palisade Wall x1 |
| 7:53 | Hackali · first_building Barracks |
| 7:54 | Hackali · wall_segment Palisade Wall x1 |
| 8:50 | Riut · age_up feudal |
| 9:09 | Hackali · age_up feudal |
| 9:12 | Hackali · wall_segment Palisade Wall x1 |
| 9:20 | Hackali · first_building Archery Range |
| 18:43 | Riut · first_market_sell 100 wood |
| 18:46 | Riut · first_market_buy 100 stone |
| 19:36 | Hackali · first_market_buy 100 food |
| 21:32 | Hackali · first_market_sell 100 wood |
| 22:15 | Riut · first_building Barracks |
| 22:29 | Hackali · first_building Stable |
| 24:14 | Hackali · age_up castle |
| 24:25 | Riut · resign |
[ AI ANALYSIS · 1 CREDIT ]
What really happened in this match?
Wolo.gg analyzes every decision: build order, eco, micro, common mistakes by bracket. Personalized analysis on WhatsApp or Discord in 30 seconds.
Civ guide
Turks
Perfil
Jugador #3899580